[Event "*** SCC Grand Prix: Titled Tuesday Blitz"]
[Site "Chess.com"]
[Date "2020.07.21"]
[Round "8"]
[White "Playgood28"]
[Black "OhanyanEminChess"]
[Result "1-0"]
[WhiteElo "2285"]
[BlackElo "2421"]
[TimeControl "180+1"]
[EndTime "11:41:02 PDT"]
[Termination "Playgood28 won on time"]

1. d4 Nf6 2. c4 c5 3. d5 b5 4. Qc2 bxc4 5. e4 d6 6. Bxc4 g6 7. Nf3 Bg7 8. h3 O-O 9. O-O a5 10. Re1 Ba6 11. Na3 Nfd7 12. Bf4 Nb6 13. Bxa6 Nxa6 14. Nb5 Nc7 15. Nc3 Rb8 16. Rad1 Nc4 17.
b3 Na3 18. Qd3 Qd7 19. e5 Nab5 20. Nxb5 Nxb5 21. e6 fxe6 22. dxe6 Qc6 23. Bg5 Nd4 24. Nxd4 Bxd4 25. Re2 Qd5 26. Bxe7 Rfe8 27. Bh4 Rxe6 28.
Rxe6 Qxe6 29. Bg3 a4 30. bxa4 Qxa2 31. Bxd6 Qxf2+ 32. Kh1 Rb2 33. Qe4 Re2 34. Qd5+ Qf7 35. Qxf7+ Kxf7 36. Rc1 Ra2 37. Bxc5 Bxc5 38. Rxc5 Rxa4 39.
Rc3 h5 40. Kh2 Kg7 41. Rb3 Ra7 42. Rc3 Kf6 43. Rd3 Rc7 44. Rf3+ Kg5 45. Rb3 Rc5 46. Rg3+ Kf6 47. Rf3+ Kg7 48. Re3 Rd5 49. Rc3 Rd7 50.
Ra3 Rc7 51. Rg3 Ra7 52. Rf3 Kh6 53. Rg3 Rf7 54. Re3 Rd7 55. Rg3 Rd6 56. Re3 Ra6 57. Rf3 Re6 58. Rd3 Re2 59. Rf3 Rd2 60. Re3 Kg7 61. Rf3 Rd6 62. Re3 Ra6 63. Rf3 Ra5 64. Re3 Kh6 65. Rd3 Ra4 66. Rf3 Rd4 67. Re3 Rf4 68. Rg3 Ra4 69. Rf3 Ra8 70. Rg3 Rf8 71. Re3 h4 72. Rd3 Re8 73. Rc3 Rd8 74. Rf3 Rc8 75. Rf4 Kh5 76. Re4 Rc5 77. Re3 Ra5 78.
Rf3 Re5 79. Rd3 Rc5 80. Rf3 Rd5 81. Re3 Rf5 82. Rd3 Kg5 83. Rd1 Ra5 84. Rg1 Ra4 85.
Rh1 Ra2 86. Rg1 Rf2 87. Rh1 Kf4 88. Rg1 g5 89. Ra1 Rb2 90. Ra4+ Kf5 91. Ra5+ Kg6 92. Ra6+ Kh5 93. Ra4 Rb6 94. Rg4 Rc6 95. Ra4 Rc5 96. Rb4 Ra5 97. Rc4 Ra8 98. Rb4 Rc8 99. Rd4 Re8 100.
Rc4 Rd8 101. Rg4 Kg6 102. Ra4 Rd5 103. Ra6+ Kf5 104. Ra4 Rb5 105. Rc4 Kf6 106. Rg4 Kg6 107. Rc4 Rb2 108. Rg4 Rb6 109. Re4 Kf5 110. Rd4 Rf6 111. Rg4 Kg6 112. Ra4 Rf5 113. Rb4 Kf7 114. Rc4 Rb5 115. Ra4 Ke6 116. Rg4 Re5 117. Ra4 Kf5 118. Rb4 Ra5 119. Rg4 Rb5 120. Rc4 Rd5 121. Rb4 Ke6 122. Ra4 Kd6 123. Rg4 Kc5 124. Ra4 Kb5 125. Ra8 Re5 126. Rg8 Kc4 127. Rg6 Kd4 128. Rf6 Ke3 129. Rf1 Ke2 130. Rf3 Ra5 131. Rb3 Kd2 132. Rb2+ Ke3 133. Rb3+ Kd4 134. Rf3 1-0

[Event "*** SCC Grand Prix: Titled Tuesday Blitz"]
[Site "Chess.com"]
[Date "2020.07.21"]
[Round "9"]
[White "DariaVoit"]
[Black "frederiksvane"]
[Result "1/2-1/2"]
[WhiteElo "2523"]
[BlackElo "2661"]
[TimeControl "180+1"]
[EndTime "11:42:30 PDT"]
[Termination "Game drawn by repetition"]

1. d4 Nf6 2. Nf3 e6 3. c4 Bb4+ 4. Bd2 Be7 5. g3 d5 6. Bg2 O-O 7. O-O c6 8. Qc2 b6 9. Rd1 Bb7 10. Bf4 Nbd7 11. Nc3 Nh5 12. Bc1 Nhf6 13. Bf4 Nh5 14.
Bc1 Nhf6 15. Bf4 1/2-1/2

[Event "*** SCC Grand Prix: Titled Tuesday Blitz"]
[Site "Chess.com"]
[Date "2020.07.21"]
[Round "9"]
[White "OhanyanEminChess"]
[Black "Efremov_Vlad"]
[Result "1/2-1/2"]
[WhiteElo "2416"]
[BlackElo "2188"]
[TimeControl "180+1"]
[EndTime "11:43:14 PDT"]
[Termination "Game drawn by agreement"]

1. e4 c5 2. Nf3 Nf6 3. Nc3 d5 4. exd5 Nxd5 5. d4 cxd4 6. Qxd4 Nxc3 7. Qxc3 Nc6 8. Bb5 Qb6 9. Ba4 e6 10. O-O Bd7 11. Be3 Qb4 12. Qxb4 1/2-1/2

[Event "*** SCC Grand Prix: Titled Tuesday Blitz"]
[Site "Chess.com"]
[Date "2020.07.21"]
[Round "9"]
[White "TigrVShlyape"]
[Black "FairChess_on_YouTube"]
[Result "1/2-1/2"]
[WhiteElo "2873"]
[BlackElo "2990"]
[TimeControl "180+1"]
[EndTime "11:43:29 PDT"]
[Termination "Game drawn by agreement"]

1. d4 d5 2. Nf3 Nf6 3. Bf4 g6 4. e3 Bg7 5. c3 O-O 6. Nbd2 c5 7. Be2 Nc6 8. h3 Nd7 9. O-O e5 10. dxe5 Ndxe5 11. Nxe5 Nxe5 12. Nf3 Nxf3+ 13. Bxf3 d4 14. exd4 cxd4 15. cxd4 Bxd4 16. Bh6 Bg7 17. Bxg7 Kxg7 18. Qxd8 Rxd8 19. Rfd1 Be6 1/2-1/2

[Event "*** SCC Grand Prix: Titled Tuesday Blitz"]
[Site "Chess.com"]
[Date "2020.07.21"]
[Round "9"]
[White "SanchezKelvin"]
[Black "Eternauta2400"]
[Result "0-1"]
[WhiteElo "2392"]
[BlackElo "2560"]
[TimeControl "180+1"]
[EndTime "11:43:31 PDT"]
[Termination "Eternauta2400 won by resignation"]

1. d4 Nf6 2. c4 e6 3. Nf3 d5 4.
Nc3 Bb4 5. Qa4+ Nc6 6. e3 O-O 7. Bd2 dxc4 8. Bxc4 a6 9. Qc2 Bd6 10. O-O e5 11. dxe5 Nxe5 12. Nxe5 Bxe5 13. f4 Bd4 14. Bd3 Ba7 15. Kh1 Qe7 16. e4 Ng4 17. Nd1 Qh4 0-1

[Event "*** SCC Grand Prix: Titled Tuesday Blitz"]
[Site "Chess.com"]
[Date "2020.07.21"]
[Round "9"]
[White "Ausbildung"]
[Black "mattcolins2025"]
[Result "1-0"]
[WhiteElo "2253"]
[BlackElo "2389"]
[TimeControl "180+1"]
[EndTime "11:43:32 PDT"]
[Termination "Ausbildung won by resignation"]

1. e4 c5 2. c4 Nc6 3. Nc3 e6 4. Nf3 Nd4 5. Be2 g6 6. Nxd4 cxd4 7. Nb5 Qb6 8. a4 a6 9. a5 Qc5 10. b4 Qxb4 11. Nc7+ Kd8 12. Nxa8 Bg7 13. Bd3 Ne7 14. Ba3 1-0

[Event "*** SCC Grand Prix: Titled Tuesday Blitz"]
[Site "Chess.com"]
[Date "2020.07.21"]
[Round "9"]
[White "124chess"]
[Black "LawrenceTrent"]
[Result "1-0"]
[WhiteElo "2695"]
[BlackElo "2564"]
[TimeControl "180+1"]
[EndTime "11:43:48 PDT"]
[Termination "124chess won by resignation"]

1. b3 a5 2. c4 a4 3. b4 d5 4.
e3 dxc4 5. Bxc4 e6 6. a3 Nd7 7.
Nf3 Ngf6 8. O-O b6 9. Bb2 Bb7 10. Qe2 Bd6 11. Nc3 O-O 12. d4 e5 13.
d5 e4 14. Nd2 Ne5 15. Ndxe4 Nxe4 16. Nxe4 Nxc4 17. Qxc4 Bxd5 18. Qd4 1-0

[Event "*** SCC Grand Prix: Titled Tuesday Blitz"]
[Site "Chess.com"]
[Date "2020.07.21"]
[Round "9"]
[White "Batsai"]
[Black "Speshka"]
[Result "1-0"]
[WhiteElo "2365"]
[BlackElo "2219"]
[TimeControl "180+1"]
[EndTime "11:44:02 PDT"]
[Termination "Batsai won by resignation"]

1. e4 c5 2. Nf3 e6 3. d4 cxd4 4. Nxd4 a6 5. Nc3 Qc7 6. Qf3 Nf6 7. Bg5 Be7 8. O-O-O Nc6 9. Nxc6 bxc6 10. Bd3 O-O 11. Rde1 h6 12. Bh4 Qe5 13. g4 Rb8 14. Bg3 Qa5 15.
Bxb8 d5 16. e5 Nd7 17. Bd6 Bg5+ 18. Kb1 Rd8 19. Rd1 Nb6 20. h4 1-0

[Event "*** SCC Grand Prix: Titled Tuesday Blitz"]
[Site "Chess.com"]
[Date "2020.07.21"]
[Round "9"]
[White "Eliwood44"]
[Black "keshka01"]
[Result "1-0"]
[WhiteElo "2355"]
[BlackElo "2549"]
[TimeControl "180+1"]
[EndTime "11:44:10 PDT"]
[Termination "Eliwood44 won by resignation"]

1. d4 Nf6 2. Nf3 d5 3. Bf4 c5 4.
e3 Nc6 5. Nbd2 Bg4 6. c3 e6 7. Qa4 Qb6 8. Bb5 Nd7 9. Bxc6 bxc6 10. O-O Be7 11. Ne5 Nxe5 12. Bxe5 O-O 13. dxc5 Qxb2 14. Qxg4 f6 15. Qxe6+ Rf7 16. Qxc6 1-0

[Event "*** SCC Grand Prix: Titled Tuesday Blitz"]
[Site "Chess.com"]
[Date "2020.07.21"]
[Round "9"]
[White "mfwagnerpeixoto"]
[Black "Flopezin"]
[Result "1-0"]
[WhiteElo "2273"]
[BlackElo "2103"]
[TimeControl "180+1"]
[EndTime "11:44:10 PDT"]
[Termination "mfwagnerpeixoto won by resignation"]

1. d4 Nf6 2. c4 e6 3. Nc3 Bb4 4. Qc2 b6 5. a3 Bxc3+ 6. Qxc3 Ne4 7. Qc2 Bb7 8. Nh3 O-O 9. f3 Qh4+ 10. g3 Nxg3 11. hxg3 Qxg3+ 12. Nf2 f5 13. Be3 Nc6 14.
O-O-O d5 15. Nd3 f4 16. Nxf4 g6 17. Rg1 Qh4 18. Nxg6 1-0

[Event "*** SCC Grand Prix: Titled Tuesday Blitz"]
[Site "Chess.com"]
[Date "2020.07.21"]
[Round "9"]
[White "UKR_Master"]
[Black "tylityli"]
[Result "0-1"]
[WhiteElo "2305"]
[BlackElo "2164"]
[TimeControl "180+1"]
[EndTime "11:44:14 PDT"]
[Termination "tylityli won by resignation"]

1. e4 e5 2. Nf3 Nc6 3. Bc4 Nf6 4. Ng5 d5 5. exd5 Na5 6. Bb5+ c6 7. dxc6 bxc6 8. Be2 h6 9. Nf3 e4 10. Ne5 Bc5 11.
O-O O-O 12. Nc4 Nxc4 13. Bxc4 Qd6 14. h3 Bb6 15. Nc3 Bc7 16. f4 exf3 17. Qxf3 Qd4+ 18.
Kh1 Qxc4 19. d3 Qe6 20. Bf4 Bxf4 21. Qxf4 Nd5 22. Nxd5 Qxd5 23. Rae1 Be6 24. Re5 Qxa2 25. Qg3 Qxb2 26. Rf6 Qxc2 27. Rxh6 Qc1+ 0-1

[Event "*** SCC Grand Prix: Titled Tuesday Blitz"]
[Site "Chess.com"]
[Date "2020.07.21"]
[Round "9"]
[White "iaraldinho"]
[Black "PowerThinking2650"]
[Result "1-0"]
[WhiteElo "2519"]
[BlackElo "2346"]
[TimeControl "180+1"]
[EndTime "11:44:32 PDT"]
[Termination "iaraldinho won by resignation"]

1. e4 e5 2. Nf3 Nc6 3. d4 exd4 4. Bc4 Nf6 5. O-O Nxe4 6. Re1 d5 7. Bxd5 Qxd5 8.
Nc3 Qa5 9. Nxe4 Be6 10. Bd2 Bb4 11. Nxd4 Nxd4 12. c3 Be7 13. cxd4 Bb4 14. d5 Bxd2 15. dxe6 Bxe1 16. Qd7+ 1-0

[Event "*** SCC Grand Prix: Titled Tuesday Blitz"]
[Site "Chess.com"]
[Date "2020.07.21"]
[Round "9"]
[White "Kavyev_Ruslan"]
[Black "Susal_De_Silva"]
[Result "0-1"]
[WhiteElo "2426"]
[BlackElo "2339"]
[TimeControl "180+1"]
[EndTime "11:44:50 PDT"]
[Termination "Susal_De_Silva won by resignation"]

1. d4 Nf6 2. c4 e6 3. g3 d5 4.
Nf3 Be7 5. Bg2 c6 6. Nc3 O-O 7. Qd3 b6 8. e4 dxe4 9. Nxe4 Nxe4 10. Qxe4 Bb7 11. Ne5 Bb4+ 12. Kf1 Nd7 13. Nxc6 Qc7 14. Bf4 e5 15. dxe5 Nc5 16. e6 Nxe4 17. Bxc7 Bxc6 18.
exf7+ Rxf7 19. Bf4 Bc5 20. Ke2 Re8 0-1

[Event "*** SCC Grand Prix: Titled Tuesday Blitz"]
[Site "Chess.com"]
[Date "2020.07.21"]
[Round "9"]
[White "DenLaz"]
[Black "CrushingKings"]
[Result "0-1"]
[WhiteElo "2687"]
[BlackElo "2537"]
[TimeControl "180+1"]
[EndTime "11:44:55 PDT"]
[Termination "CrushingKings won by resignation"]

1. Nf3 g6 2. d4 Bg7 3. c4 d6 4. Nc3 Nf6 5. e4 Nbd7 6. Be2 e5 7. Be3 O-O 8. d5 Nc5 9. Nd2 a5 10. g4 Ne8 11. h4 f5 12. gxf5 gxf5 13. exf5 Bxf5 14. Bxc5 dxc5 15. Nde4 Nd6 16. Bd3 Bh6 17. Qh5 Bf4 18. Rg1+ Kh8 19. Nxd6 Bxd3 20. Nf7+ Rxf7 21. Qxf7 Qf8 22. Qg7+ Qxg7 23. Rxg7 Kxg7 0-1

[Event "*** SCC Grand Prix: Titled Tuesday Blitz"]
[Site "Chess.com"]
[Date "2020.07.21"]
[Round "9"]
[White "nrvignesh"]
[Black "MomchilPetkov"]
[Result "1-0"]
[WhiteElo "2768"]
[BlackElo "2582"]
[TimeControl "180+1"]
[EndTime "11:45:05 PDT"]
[Termination "nrvignesh won by resignation"]

1. Nf3 Nf6 2. c4 e6 3. b3 d5 4. Bb2 Be7 5. g3 O-O 6. Bg2 b6 7. O-O Bb7 8. e3 Nbd7 9. Qe2 c5 10.
Nc3 a6 11. Rfd1 d4 12. exd4 cxd4 13. Nxd4 Bxg2 14. Kxg2 Qc7 15. Nf3 e5 16. Ne4 Nxe4 17.
Qxe4 Bf6 18. d4 exd4 19. Bxd4 Rfe8 20. Qd5 Bxd4 21. Nxd4 Nf6 22. Qf3 h5 23. Nf5 Re6 24. Qxa8+ 1-0

[Event "*** SCC Grand Prix: Titled Tuesday Blitz"]
[Site "Chess.com"]
[Date "2020.07.21"]
[Round "9"]
[White "felipelobo"]
[Black "petroniy_arbitr"]
[Result "1/2-1/2"]
[WhiteElo "2113"]
[BlackElo "2249"]
[TimeControl "180+1"]
[EndTime "11:45:15 PDT"]
[Termination "Game drawn by agreement"]

1. e4 e6 2. d4 d5 3. Nc3 Bb4 4. e5 b6 5. a3 Bf8 6. Bd3 Ba6 7. f4 Bxd3 8. Qxd3 Ne7 9. Nf3 Nbc6 10. Ne2 Qd7 11.
c3 O-O-O 12. b4 h5 13. a4 a5 14. Ba3 Nf5 15. bxa5 Nxa5 16. Qa6+ Kb8 17. Bxf8 Rhxf8 18. Rb1 1/2-1/2

[Event "*** SCC Grand Prix: Titled Tuesday Blitz"]
[Site "Chess.com"]
[Date "2020.07.21"]
[Round "9"]
[White "mirochka"]
[Black "maiconramazzotte99"]
[Result "1-0"]
[WhiteElo "2137"]
[BlackElo "1769"]
[TimeControl "180+1"]
[EndTime "11:45:21 PDT"]
[Termination "mirochka won by resignation"]

1. e4 c5 2. d4 cxd4 3. c3 dxc3 4. Nxc3 d6 5. Bc4 e6 6. Nf3 Nf6 7. O-O Be7 8. Qe2 O-O 9. Rd1 Nc6 10. e5 Ne8 11. exd6 Nxd6 12. Nb5 Na5 13. Nxd6 Bxd6 14.
Bf4 Qc7 15. Bxd6 Qxc4 16. Qxc4 Nxc4 17. Bxf8 Kxf8 18. Rac1 Nxb2 19. Rd8+ Ke7 20. Rcxc8 Rxc8 21. Rxc8 1-0

[Event "*** SCC Grand Prix: Titled Tuesday Blitz"]
[Site "Chess.com"]
[Date "2020.07.21"]
[Round "9"]
[White "Indianlad"]
[Black "tigra"]
[Result "1-0"]
[WhiteElo "2987"]
[BlackElo "2855"]
[TimeControl "180+1"]
[EndTime "11:45:28 PDT"]
[Termination "Indianlad won by resignation"]

1. e4 c5 2. Nc3 a6 3. g3 b5 4. Bg2 Bb7 5. d3 g6 6. Be3 d6 7. Qd2 Bg7 8. Nf3 e5 9. O-O Nc6 10. a4 b4 11. Nd5 Nce7 12. Nxe7 Qxe7 13. a5 Nf6 14. c3 bxc3 15. bxc3 c4 16. Bg5 cxd3 17.
Bxf6 Bxf6 18. Qxd3 d5 19. exd5 e4 20. Qd2 exf3 21. Rfe1 fxg2 22. Rxe7+ Bxe7 23. Re1 O-O-O 24. Rxe7 Rxd5 25. Qe2 Rhd8 26. Qc4+ 1-0

[Event "*** SCC Grand Prix: Titled Tuesday Blitz"]
[Site "Chess.com"]
[Date "2020.07.21"]
[Round "9"]
[White "Tactictic"]
[Black "MergenKakabaev"]
[Result "0-1"]
[WhiteElo "2383"]
[BlackElo "2502"]
[TimeControl "180+1"]
[EndTime "11:45:33 PDT"]
[Termination "MergenKakabaev won by resignation"]

1. e4 e5 2. Nf3 Nc6 3. Bc4 Nf6 4. d3 Bc5 5. O-O d6 6. a4 a6 7. c3 Ba7 8. Re1 h6 9. d4 O-O 10. Bf1 Re8 11. dxe5 dxe5 12. Qxd8 Rxd8 13. Nbd2 Ng4 14. Re2 Be6 15. h3 Nf6 16. Re1 Rd7 17. Nc4 Bxc4 18.
Bxc4 Rad8 19. b4 Rd1 20. Kf1 Nxe4 21. b5 Na5 22. Ba2 Nxc3 23. Bd2 R1xd2 0-1

[Event "*** SCC Grand Prix: Titled Tuesday Blitz"]
[Site "Chess.com"]
[Date "2020.07.21"]
[Round "9"]
[White "manmanlai1"]
[Black "korkmaz16"]
[Result "0-1"]
[WhiteElo "2472"]
[BlackElo "2360"]
[TimeControl "180+1"]
[EndTime "11:45:34 PDT"]
[Termination "korkmaz16 won by resignation"]

1. d4 d5 2. Bf4 Nf6 3. e3 c5 4. c3 Nc6 5. Nf3 Qb6 6. Qb3 c4 7. Qc2 Bf5 8. Qc1 e6 9. h3 h6 10.
Nbd2 Be7 11. Be2 O-O 12. O-O Qd8 13. Ne5 Nxe5 14. Bxe5 b5 15. Bf3 Rc8 16. Bxf6 Bxf6 17. e4 dxe4 18. Nxe4 Bxe4 19. Bxe4 e5 20. d5 Be7 21.
Bf5 Rc7 22. Rd1 Bc5 23. Qc2 Qd6 24. b3 cxb3 25. axb3 g6 26. Bd3 b4 27. Ra6 Bb6 28.
Bc4 bxc3 29. Qxc3 Bxf2+ 30. Kxf2 Qxa6 31. Qxe5 Qb6+ 32. Kg3 Rxc4 0-1

[Event "*** SCC Grand Prix: Titled Tuesday Blitz"]
[Site "Chess.com"]
[Date "2020.07.21"]
[Round "9"]
[White "vovachesss"]
[Black "Jaka_Brilej"]
[Result "0-1"]
[WhiteElo "2563"]
[BlackElo "2367"]
[TimeControl "180+1"]
[EndTime "11:45:37 PDT"]
[Termination "Jaka_Brilej won by resignation"]

1. e4 c5 2. d4 cxd4 3. c3 dxc3 4.
Nxc3 Nc6 5. Nf3 e6 6. Bc4 Qc7 7. O-O Nf6 8. Qe2 Ng4 9. Rd1 a6 10.
Bb3 Bc5 11. Nd5 exd5 12. exd5+ Ne7 13. h3 Nxf2 14. d6 Nxd1+ 15. Kh1 Qxd6 16. Bxd1 O-O 17.
Bc2 Ng6 18. Ng5 Qe5 19. Qf1 h6 20. Nf3 Qf6 21. Bd2 d5 22. b4 Ba7 23. Rd1 d4 0-1

[Event "*** SCC Grand Prix: Titled Tuesday Blitz"]
[Site "Chess.com"]
[Date "2020.07.21"]
[Round "9"]
[White "GMartin_Petrov"]
[Black "mjray79"]
[Result "1-0"]
[WhiteElo "2615"]
[BlackElo "2386"]
[TimeControl "180+1"]
[EndTime "11:45:39 PDT"]
[Termination "GMartin_Petrov won by resignation"]

1. c4 Nf6 2. Nc3 g6 3. g3 Bg7 4. Bg2 d6 5. e4 O-O 6. Nge2 c5 7. O-O Nc6 8. d3 Ne8 9. Be3 a6 10. d4 cxd4 11. Nxd4 Nc7 12. Rc1 Rb8 13. Nd5 Nxd4 14. Bxd4 Bxd4 15. Qxd4 Ne6 16. Qa7 Bd7 17. Rfd1 b5 18.
e5 dxe5 19. c5 Nd4 20. c6 Ne2+ 21. Kf1 Nxc1 22. c7 Qc8 23. Nxe7+ 1-0

[Event "*** SCC Grand Prix: Titled Tuesday Blitz"]
[Site "Chess.com"]
[Date "2020.07.21"]
[Round "9"]
[White "Gerodot71"]
[Black "chessplayer9919"]
[Result "0-1"]
[WhiteElo "2409"]
[BlackElo "2612"]
[TimeControl "180+1"]
[EndTime "11:45:41 PDT"]
[Termination "chessplayer9919 won by checkmate"]

1. d4 Nf6 2. c4 c5 3. d5 b5 4. cxb5 a6 5. b6 d6 6. Nc3 g6 7. e4 Bg7 8. h3 Nbd7 9. a4 Nxb6 10. a5 Nbd7 11. Nf3 O-O 12. Be2 Rb8 13. O-O Ne8 14. Nd2 Nc7 15. Nc4 Nb5 16. Bd2 Nd4 17. Bd3 Ne5 18. Nxe5 Bxe5 19. f4 Bg7 20. Ra2 Nb3 21. Na4 Nxd2 22. Qxd2 Rb4 23. Nb6 Bb7 24. Nc4 e6 25. Be2 exd5 26. exd5 Bd4+ 27. Kh1 Bxd5 28.
Rc1 Qh4 29. Kh2 Re8 30. Ra3 Rxe2 31. Qxe2 Qxf4+ 32. g3 Qxc1 33. Nxd6 Qh1# 0-1

[Event "*** SCC Grand Prix: Titled Tuesday Blitz"]
[Site "Chess.com"]
[Date "2020.07.21"]
[Round "9"]
[White "harkerchess"]
[Black "czasnaszachy"]
[Result "1-0"]
[WhiteElo "2112"]
[BlackElo "2219"]
[TimeControl "180+1"]
[EndTime "11:45:45 PDT"]
[Termination "harkerchess won by checkmate"]

1. d4 d5 2. c4 c6 3. cxd5 cxd5 4. Nc3 Nf6 5. Nf3 Nc6 6. Bf4 a6 7. e3 Bf5 8. Bd3 Bxd3 9. Qxd3 e6 10. O-O Bd6 11.
Bg3 Bxg3 12. hxg3 O-O 13. Rac1 Rc8 14. Na4 Qa5 15. Qb3 Qb4 16. Qd1 Nd7 17. a3 Qd6 18. b4 b6 19. Qd3 b5 20. Nc5 Ra8 21. Ng5 Nb6 22. Qxh7# 1-0

[Event "*** SCC Grand Prix: Titled Tuesday Blitz"]
[Site "Chess.com"]
[Date "2020.07.21"]
[Round "9"]
[White "bazar-wokzal"]
[Black "chessfrendz"]
[Result "1-0"]
[WhiteElo "2423"]
[BlackElo "2249"]
[TimeControl "180+1"]
[EndTime "11:45:46 PDT"]
[Termination "bazar-wokzal won by resignation"]

1. e4 e5 2. Bc4 Nf6 3. d3 c6 4. Nf3 Be7 5. O-O d6 6. Nc3 O-O 7. a4 Be6 8. Bg5 Nbd7 9. Qe2 Bxc4 10. dxc4 Nc5 11. Rfd1 Qc7 12. a5 Rfe8 13. Ra3 Rad8 14. b4 Ne6 15. Bxf6 Bxf6 16. b5 Nd4 17. Qd3 g6 18. a6 cxb5 19. Nd5 Qxc4 20. Nxf6+ Kh8 21.
Nxe8 1-0

[Event "*** SCC Grand Prix: Titled Tuesday Blitz"]
[Site "Chess.com"]
[Date "2020.07.21"]
[Round "9"]
[White "ikhasu"]
[Black "TudorAnton"]
[Result "1-0"]
[WhiteElo "2400"]
[BlackElo "2493"]
[TimeControl "180+1"]
[EndTime "11:45:49 PDT"]
[Termination "ikhasu won by resignation"]

1. e4 e5 2. Nf3 Nc6 3. Bb5 a6 4. Ba4 Nf6 5. d3 b5 6. Bb3 Bc5 7. O-O d6 8. h3 O-O 9. Nc3 Nd4 10. Nxd4 Bxd4 11. Ne2 Bb6 12. Be3 c6 13. a4 Be6 14.
Bxe6 fxe6 15. axb5 Bxe3 16. fxe3 axb5 17. Rxa8 Qxa8 18.
Qa1 Qb7 19. Qa2 d5 20. exd5 exd5 21. Ra1 e4 22. d4 Qf7 23. Qa7 Nd7 24. Kh1 h6 25. Nf4 Nf6 26. Qxf7+ Rxf7 27. Ra6 g5 28. Ne6 Nh5 29. Rxc6 Ng3+ 30. Kg1 h5 31. Rc8+ 1-0

[Event "*** SCC Grand Prix: Titled Tuesday Blitz"]
[Site "Chess.com"]
[Date "2020.07.21"]
[Round "9"]
[White "Chessmasterzt"]
[Black "crescentmoon2411"]
[Result "0-1"]
[WhiteElo "2592"]
[BlackElo "2805"]
[TimeControl "180+1"]
[EndTime "11:45:55 PDT"]
[Termination "crescentmoon2411 won by checkmate"]

1. d4 Nf6 2. Nf3 c5 3. c3 d5 4.
e3 e6 5. Nbd2 b6 6. b3 Bd6 7.
Bb2 O-O 8. Bd3 Bb7 9. O-O Nbd7 10. Qc2 Rc8 11. Rac1 h6 12. Qb1 e5 13. dxe5 Nxe5 14. Nxe5 Bxe5 15. Nf3 Bb8 16. c4 Qe7 17. Qa1 d4 18.
exd4 Bxf3 19. gxf3 Qd6 20. Rfe1 Qxh2+ 21. Kf1 Rfe8 22. Re5 cxd4 23. Re4 Nxe4 24. Bxe4 d3 25. Ke1 Bf4 26. Rd1 Qh1# 0-1

[Event "*** SCC Grand Prix: Titled Tuesday Blitz"]
[Site "Chess.com"]
[Date "2020.07.21"]
[Round "9"]
[White "Savva09022009"]
[Black "tan275"]
[Result "1-0"]
[WhiteElo "2427"]
[BlackElo "2251"]
[TimeControl "180+1"]
[EndTime "11:45:56 PDT"]
[Termination "Savva09022009 won by resignation"]

1. d4 d5 2. Nc3 Nf6 3. Bf4 c6 4. e3 g6 5. Nf3 Bg7 6. Bd3 O-O 7.
O-O Bg4 8. h3 Bxf3 9. Qxf3 Nfd7 10. Rad1 Qb6 11. Rb1 e5 12. dxe5 Nxe5 13. Qe2 Nbd7 14.
Qd2 Nxd3 15. cxd3 d4 16. Ne4 dxe3 17. Bxe3 Qb5 18. Bh6 Bxh6 19. Qxh6 Qxd3 20. Rfe1 f5 21. Ng5 Nf6 22. Rbd1 Qc2 23. Rd7 1-0

[Event "*** SCC Grand Prix: Titled Tuesday Blitz"]
[Site "Chess.com"]
[Date "2020.07.21"]
[Round "9"]
[White "RenarddesSurfaces"]
[Black "doons21"]
[Result "0-1"]
[WhiteElo "2408"]
[BlackElo "2622"]
[TimeControl "180+1"]
[EndTime "11:45:57 PDT"]
[Termination "doons21 won by resignation"]

1. e4 c5 2. c3 d5 3. exd5 Qxd5 4. d4 Nf6 5. Nf3 e6 6. Be3 cxd4 7. cxd4 Nc6 8. Nc3 Qd6 9. Bc4 Be7 10. a3 O-O 11.
O-O b6 12. Qe2 Bb7 13. Rad1 Na5 14. Bd3 Rac8 15. Ne5 Rfd8 16. Bf4 Nd5 17. Bxh7+ Kxh7 18. Qh5+ Kg8 19. Qxf7+ Kh7 20. Ne4 Nxf4 21. Nxd6 Ne2+ 22. Kh1 Bxd6 23. Qg6+ Kh8 24. Nf7+ Kg8 25. Ng5 Bxg2+ 0-1

[Event "*** SCC Grand Prix: Titled Tuesday Blitz"]
[Site "Chess.com"]
[Date "2020.07.21"]
[Round "9"]
[White "QuintilianoR"]
[Black "RestartingChess"]
[Result "1-0"]
[WhiteElo "2685"]
[BlackElo "2522"]
[TimeControl "180+1"]
[EndTime "11:45:58 PDT"]
[Termination "QuintilianoR won by checkmate"]

1. d4 Nf6 2. c4 d5 3. cxd5 Nxd5 4. e4 Nb6 5. Nc3 g6 6. h3 Bg7 7. Nf3 Nc6 8. Be3 e5 9. d5 Nd4 10. Nxd4 exd4 11. Bxd4 Bxd4 12. Qxd4 O-O 13. Be2 Re8 14. O-O Qg5 15. f4 Qh4 16. Qf2 Qe7 17. e5 Qb4 18.
Bb5 Rd8 19. Rfd1 a6 20. Bf1 Bf5 21. g4 Bc8 22. Rd4 Qf8 23. Ne4 Kh8 24. Rad1 Bd7 25. d6 cxd6 26. Rxd6 Bc6 27. Qxb6 Rxd6 28. Nxd6 f6 29.
Qd4 fxe5 30. Qxe5+ Qg7 31. Nf7+ Kg8 32. Bc4 Qxe5 33. Nxe5+ Kg7 34. Nxc6 bxc6 35. Rd7+ Kf6 36. Rf7# 1-0

[Event "*** SCC Grand Prix: Titled Tuesday Blitz"]
[Site "Chess.com"]
[Date "2020.07.21"]
[Round "9"]
[White "sergiochess83"]
[Black "ulises2013"]
[Result "1/2-1/2"]
[WhiteElo "2832"]
[BlackElo "2645"]
[TimeControl "180+1"]
[EndTime "11:46:11 PDT"]
[Termination "Game drawn by repetition"]

1. e4 g6 2. d4 Bg7 3. Nf3 c5 4.
d5 d6 5. Bb5+ Bd7 6. a4 Nf6 7.
Nc3 O-O 8. O-O e6 9. Re1 exd5 10.
exd5 Na6 11. Bf4 Bf5 12. Nd2 Nb4 13. Rc1 Nh5 14. Be3 Nf6 15. Nf1 a6 16. Be2 Re8 17.
Ng3 Bd7 18. Qd2 Qc7 19. h3 Re7 20. Kf1 Rae8 21. Bg5 Re5 22. Bf4 R5e7 23. Bg5 Re5 24. Bf4 R5e7 25. Bg5 1/2-1/2

[Event "*** SCC Grand Prix: Titled Tuesday Blitz"]
[Site "Chess.com"]
[Date "2020.07.21"]
[Round "9"]
[White "kleopl"]
[Black "eljanov"]
[Result "0-1"]
[WhiteElo "2424"]
[BlackElo "2818"]
[TimeControl "180+1"]
[EndTime "11:46:20 PDT"]
[Termination "eljanov won by resignation"]

1. c4 Nf6 2. Nc3 e5 3. Nf3 Nc6 4. e4 Bb4 5. d3 d6 6. a3 Bc5 7.
Be2 a5 8. O-O O-O 9. Rb1 Bg4 10.
Nd5 Bxf3 11. Bxf3 Nxd5 12. cxd5 Nd4 13. b4 axb4 14. axb4 Bb6 15. Be3 g6 16. Bxd4 Bxd4 17. Qc2 f5 18. Rfc1 Rf7 19. b5 Ra3 20. Rb4 fxe4 21.
dxe4 Qg5 22. b6 Rc3 23. Qxc3 Bxc3 24. Rxc3 Qd2 25. Re3 Qc1+ 0-1

[Event "*** SCC Grand Prix: Titled Tuesday Blitz"]
[Site "Chess.com"]
[Date "2020.07.21"]
[Round "9"]
[White "rasmussvane"]
[Black "ENEASZ"]
[Result "1-0"]
[WhiteElo "2870"]
[BlackElo "2596"]
[TimeControl "180+1"]
[EndTime "11:46:24 PDT"]
[Termination "rasmussvane won by checkmate"]

1. Nf3 d6 2. d4 Nf6 3. g3 g6 4.
Bg2 Bg7 5. O-O O-O 6. Re1 Nc6 7. d5 Ne5 8. Nxe5 dxe5 9. c4 e6 10. Nc3 exd5 11. cxd5 Bd7 12. Qb3 Rb8 13. Be3 b6 14. Rac1 Ng4 15. Bd2 h5 16. h3 Nh6 17. Ne4 Nf5 18.
Bg5 Nd4 19. Qc4 Qe8 20. Nf6+ Bxf6 21. Bxf6 Bb5 22. Qc3 Qd7 23. Qe3 Rfe8 24. Qh6 Nf5 25. Qh8# 1-0